 Seeded DCSS version 0.30-a0-329-g85436e0a43 (webtiles) character file.

Game seed: 13151216383678511518 (custom seed)

790097 purpskrrrp the Heavyweight Champion (level 27, -22/216 (267) HPs)
             Began as a Troll Fighter on Oct 28, 2022.
             Was the Champion of Ru.
             Killed from afar by a smoke demon (30 damage)
             ... with a ball of steam
             ... in Pandemonium.
             The game lasted 04:02:36 (64717 turns).

purpskrrrp the Heavyweight Champion (TrFi)         Turns: 64717, Time: 04:02:37

HP:   -22/216 (267) AC: 31    Str: 47    XL:     27
MP:   12/17         EV: 32    Int:  5    God:    Ru [******]
Gold: 7523          SH: 32    Dex: 15    Spells: 26/26 levels left

rFire   x . .      SeeInvis .      - Unarmed
rCold   + . .      Faith    .    Z - +8 tower shield
rNeg    . . .      Spirit   .    Q - +9 ice dragon scales
rPois   .          Reflect  .    U - +2 hat
rElec   .          Harm     .    J - +2 cloak {rCorr}
rCorr   +          Rampage  .    (gloves unavailable)
Will    +++..      Rage     3%   (boots unavailable)
Stlth   .......... Rnd*Tele +    u - amulet of Dumpihas {Acrobat Int+2 Dex-2 Slay+2}
HPRegen 1.36/turn                c - +6 ring of strength
MPRegen 0.15/turn                i - ring of Twilight {*Corrode Fly Will+ Dex+4 Slay+6}

@: exhausted, on berserk cooldown, acrobatic, flying, hasted, studying 4 skills,
heavily drained, very quick
A: large, unfitting armour, claws 3, frail 1, low MP 2, regeneration 1, shaggy
fur 1, tough skin 1, inability to use devices, hated by all, no fire magic, no
necromancy magic, no transmutations magic, disrupted magic 2, talons 1, agile 1,
berserk 1, mutation resistance 1, teleportitis 1, cold vulnerability 1
}: 6/15 runes: decaying, serpentine, slimy, silver, iron, abyssal
a: Renounce Religion, Draw Out Power, Power Leap, Apocalypse


You were in Pandemonium.
You worshipped Ru.
Ru was exalted by your worship.
You visited 13 branches of the dungeon, and saw 57 of its levels.
You visited Pandemonium 1 time, and saw 1 of its levels.
You visited the Abyss 2 times.
You visited 1 bazaar.
You also visited: Trove, Bailey, Gauntlet, Ice Cave and Volcano.

You collected 10352 gold pieces.
You spent 2829 gold pieces at shops.

Inventory:

Hand Weapons
 l - a +8 demon whip of venom
 o - the +4 staff of Dispater
   (You took it off Dispater on level 7 of the Iron City of Dis)

   It can be evoked to hurl damnation at the cost of health and magic, with
   strength depending on Evocations skill.
 x - the +10 broad axe of Impish Prudence {vorpal, rF++ rC++ Will-}
   (You took it off an ironbound convoker on level 5 of the Vaults)

   It inflicts extra damage upon your enemies.
   rF:        It greatly protects you from fire.
   rC:        It greatly protects you from cold.
   Will:      It decreases your willpower.
 S - the +10 shortbow of Deamoucof {vorpal, Dex+6}
   (You found it on level 11 of the Dungeon)

   Any ammunition fired from it inflicts extra damage upon your enemies.
   Dex:       It affects your dexterity (+6).
Armour
 d - the +1 faerie dragon scales {Harm rC+ rCorr Str+5 Dex-2}
   (You took it off the Enchantress on level 2 of the Depths)

   Str:       It affects your strength (+5).
   Dex:       It affects your dexterity (-2).
   rC:        It protects you from cold.
   rCorr:     It protects you from acid and corrosion.
   Harm:      It increases damage dealt and taken.
 j - +3 gold dragon scales
 J - a +2 cloak of preservation (worn)
 Q - +9 ice dragon scales (worn)
 U - a +2 hat (worn)
 Z - a +8 tower shield (worn)
Jewellery
 a - a ring of willpower
 b - the ring "Koplib" {Fire rElec Int+4 Dex+2}
   (You found it on level 1 of the Crypt)

   [ring of fire]

   It enhances your fire magic.
   Int:       It affects your intelligence (+4).
   Dex:       It affects your dexterity (+2).
   rF:        It protects you from fire.
   rC:        It makes you vulnerable to cold.
   rElec:     It insulates you from electricity.
 c - a +6 ring of strength (left claw)
 i - the ring of Twilight (right claw) {*Corrode Fly Will+ Dex+4 Slay+6}
   (You bought it in a shop in a bazaar)

   [ring of willpower]

   Dex:       It affects your dexterity (+4).
   Slay:      It affects your accuracy & damage with ranged weapons and melee
   (+6).
   Fly:       It grants you flight.
   *Corrode:  It may corrode you when you take damage.
   Will:      It increases your willpower.
 k - a ring of positive energy
 m - a ring of ice
 n - the ring of Haxta {rElec rN+ Str-3 Dex+8 Stlth+}
   (You found it on level 7 of the Iron City of Dis)

   [ring of positive energy]

   Str:       It affects your strength (-3).
   Dex:       It affects your dexterity (+8).
   rElec:     It insulates you from electricity.
   rN:        It protects you from negative energy.
   Stlth:     It makes you more stealthy.
 r - a ring of resist corrosion
 u - the amulet of Dumpihas (around neck) {Acrobat Int+2 Dex-2 Slay+2}
   (You acquired it on level 5 of the Dungeon)

   [amulet of the acrobat]

   It increases your evasion while moving and waiting.
   Int:       It affects your intelligence (+2).
   Dex:       It affects your dexterity (-2).
   Slay:      It affects your accuracy & damage with ranged weapons and melee
   (+2).
 w - a ring of fire
 H - a ring of flight
Scrolls
 p - 3 scrolls of silence
 q - 6 scrolls of magic mapping
 B - a scroll of amnesia
 E - 8 scrolls of poison
 K - a scroll of fear
 L - 16 scrolls of teleportation
 T - 7 scrolls of enchant weapon
Potions
 e - 5 potions of resistance
 f - 8 potions of ambrosia
 g - 5 potions of might
 h - 25 potions of curing
 s - 8 potions of haste
 v - 3 potions of brilliance
 C - 4 potions of cancellation
 D - 6 potions of invisibility
 N - 12 potions of mutation
 O - 3 potions of berserk rage


   Skills:
 * Level 21.4 Fighting
 + Level 18.7 Throwing
 + Level 15.0 Armour
 + Level 19.0 Dodging
 + Level 24.9 Shields
 O Level 27 Unarmed Combat


You had 26 spell levels left.
You didn't know any spells.
Your spell library contained the following spells:

 Spells                   Type           Power      Damage    Failure   Level
 Apportation              Tloc           0%         N/A       82%         1
 Freeze                   Ice            0%         1d3       82%         1
 Magic Dart               Conj           0%         1d3       82%         1
 Shock                    Conj/Air       0%         1d3       82%         1
 Slow                     Hex            0%         N/A       82%         1
 Blink                    Tloc           0%         N/A       91%         2
 Ensorcelled Hibernation  Hex/Ice        0%         N/A       91%         2
 Poisonous Vapours        Pois/Air       0%         N/A       91%         2
 Searing Ray              Conj           0%         2d4       91%         2
 Static Discharge         Conj/Air       0%         2-2/arc   91%         2
 Confusing Touch          Hex            0%         N/A       99%         3
 Dazzling Flash           Conj/Hex       0%         N/A       99%         3
 Frozen Ramparts          Ice            0%         1d1       99%         3
 Gell's Gravitas          Tloc           0%         N/A       99%         3
 Hailstorm                Conj/Ice       0%         3d3       99%         3
 Lesser Beckoning         Tloc           0%         N/A       99%         3
 Mephitic Cloud           Conj/Pois/Air  0%         N/A       99%         3
 Ozocubu's Armour         Ice            0%         N/A       99%         3
 Portal Projectile        Hex/Tloc       0%         N/A       99%         3
 Stone Arrow              Conj/Erth      0%         3d7       99%         3
 Swiftness                Air            0%         N/A       99%         3
 Teleport Other           Tloc           0%         N/A       99%         3
 Vhi's Electric Charge    Tloc/Air       0%         N/A       99%         3
 Fulminant Prism          Conj/Hex       0%         3d5       100%        4
 Iskenderun's Mystic Bla  Conj/Tloc      0%         2d3       100%        4
 Leda's Liquefaction      Hex/Erth       0%         N/A       100%        4
 Olgreb's Toxic Radiance  Pois           0%         N/A       100%        4
 Passage of Golubria      Tloc           0%         N/A       100%        4
 Arcjolt                  Conj/Air       0%         1d10      100%        5
 Freezing Cloud           Conj/Ice/Air   0%         6-21      100%        5
 Iskenderun's Battlesphe  Conj           0%         2d6       100%        5
 Lee's Rapid Deconstruct  Erth           0%         3d4*      100%        5
 Lightning Bolt           Conj/Air       0%         1d11      100%        5
 Metabolic Englaciation   Hex/Ice        0%         N/A       100%        5
 Silence                  Hex/Air        0%         N/A       100%        5
 Conjure Ball Lightning   Conj/Air       0%         3x3d6     100%        6
 Iron Shot                Conj/Erth      0%         9d1       100%        6
 Orb of Destruction       Conj           0%         9d5       100%        7
 Ozocubu's Refrigeration  Ice            0%         4d7       100%        7
 Discord                  Hex            0%         N/A       100%        8
 Disjunction              Tloc           0%         N/A       100%        8
 Lehudib's Crystal Spear  Conj/Erth      0%         10d2      100%        8
 Maxwell's Capacitive Co  Air            0%         ∞         100%        8
 Chain Lightning          Conj/Air       0%         N/A       100%        9
 Beastly Appendage        Tmut           Unusable   N/A       N/A         1
 Kiss of Death            Conj/Necr      Unusable   2d5       N/A         1
 Summon Small Mammal      Summ           Unusable   N/A       N/A         1
 Cigotuvi's Dreadful Rot  Necr/Pois/Air  Unusable   N/A       N/A         2
 Passwall                 Tmut/Erth      Unusable   N/A       N/A         2
 Call Canine Familiar     Summ           Unusable   N/A       N/A         3
 Ignite Poison            Fire/Tmut/Pois Unusable   N/A       N/A         3
 Kindle Blastsparks       Fire/Tloc/Air  Unusable   2d10      N/A         3
 Spider Form              Tmut/Pois      Unusable   N/A       N/A         3
 Summon Guardian Golem    Hex/Summ       Unusable   N/A       N/A         3
 Tukima's Dance           Hex            Unusable   N/A       N/A         3
 Vampiric Draining        Necr           Unusable   2d6       N/A         3
 Animate Armour           Summ/Erth      Unusable   N/A       N/A         4
 Animate Dead             Necr           Unusable   N/A       N/A         4
 Dispel Undead            Necr           Unusable   3d6       N/A         4
 Ice Form                 Ice/Tmut       Unusable   N/A       N/A         4
 Petrify                  Tmut/Erth      Unusable   N/A       N/A         4
 Agony                    Necr           Unusable   N/A       N/A         5
 Alistair's Intoxication  Tmut/Pois      Unusable   N/A       N/A         5
 Blade Hands              Tmut           Unusable   N/A       N/A         5
 Summon Forest            Summ/Tloc      Unusable   N/A       N/A         5
 Yara's Violent Unravell  Hex/Tmut       Unusable   3d3       N/A         5
 Simulacrum               Ice/Necr       Unusable   N/A       N/A         6
 Statue Form              Tmut/Erth      Unusable   N/A       N/A         6
 Haunt                    Necr/Summ      Unusable   N/A       N/A         7
 Spellforged Servitor     Conj/Summ      Unusable   N/A       N/A         7
 Ignition                 Fire           Unusable   3d3       N/A         8
 Infestation              Necr           Unusable   N/A       N/A         8

Dungeon Overview and Level Annotations

Branches:
Dungeon (15/15)            Temple (0/1) D:5            Lair (5/5) D:10
  Swamp (4/4) Lair:3        Snake (4/4) Lair:2        Slime (5/5) Lair:5
    Orc (2/2) D:9             Elf (3/3) Orc:2        Vaults (5/5) D:13
  Crypt (1/3) Vaults:2     Depths (4/4) D:15           Hell (visited)
    Dis (7/7) Hell            Geh (0/7) Hell            Coc (3/7) Hell
    Tar (0/7) Hell            Zot (0/5) Depths:4     Bailey (visited)
  IceCv (visited)         Volcano (visited)         Gauntlet (visited)

Altars:
Ashenzari
Cheibriados
Dithmenos
Gozag
Makhleb
Nemelex Xobeh
Qazlal
Ru
Trog
Uskayaw
Vehumet
Zin

Shops:
D:5 (   Orc:2 (:??   Snake:2 (   Snake:4 :   Vaults:2 *   Vaults:3 *?
Vaults:5 !   Depths:1 (   Depths:3 :=:

Portals:
Hell: Depths:1 Depths:2 Depths:3 Depths:4
Abyss: Depths:3
Pandemonium: Orc:2 Depths:2 Depths:4
Ziggurat: Depths:1


Innate Abilities, Weirdness & Mutations

You are too large for most types of armour.
You have claws for hands.
You are frail. (-10% HP)
Your magical capacity is very low. (-20% MP)
Your natural rate of healing is unusually fast.
You are covered in fur. (AC +1)
You have tough skin. (AC +1)
You cannot study or use magical devices.
You are hated by all.
You cannot study or cast Fire magic.
You cannot study or cast Necromancy magic.
You cannot study or cast Transmutations magic.
Your casting is disrupted.
You have sharp toenails.
You are agile. (Dex +4, Str/Int -1)
You sometimes lose your temper in combat.
You are somewhat resistant to further mutation.
You are occasionally teleported next to monsters.
You are vulnerable to cold. (rC-)


Message History

Your magical effects are unravelling.
You feel magically purged.
You feel yourself speed up. Cucakleh gestures at you.
You block the crystal spear. The smoke demon closely misses you.
You block the smoke demon's attack. x2
Cucakleh gestures at you. You block the crystal spear.
Okay, then.
You feel yourself speed up. You block Cucakleh's attack.
The smoke demon gestures at you. Something smites you!
* * * LOW HITPOINT WARNING * * *
You block the chaos spawn's attack.
You redirect the green death's attack!
The green death hits itself!!
Cucakleh gestures at you.
The spray of metal splinters misses you.
The smoke demon gestures at you. The ball of steam hits you!!
The steam scalds you terribly!
* * * LOW HITPOINT WARNING * * *
The green death is stunned by your conviction and fails to attack.
You block the chaos spawn's attack.
You redirect Cucakleh's attack!
Cucakleh touches the chaos spawn!!
There is a huge open translucent gate here.
You're still recovering from your berserk rage.
Okay, then.
Okay, then.
The smoke demon gestures at you. Something smites you!
* * * LOW HITPOINT WARNING * * *
The chaos spawn is engulfed in a cloud of scalding steam.
You block the green death's attack.
Okay, then.
There is a huge open translucent gate here.
Cucakleh is engulfed in a cloud of scalding steam.
The smoke demon gestures at you. The ball of steam hits you!!
The steam scalds you terribly!
You die...

.....## ###...............#..###
...### ##.................# ..###
##.................# ....###
###..................##
......###...........###?......# #
........##########..###....#..###
........# #######8..##....#..##.
........#..#..3..#...#......#####
........#∩∩§§2&§@'.....#....##...
........#..#.4...#...###....##...
........#. #######8..# #.........
........##########..####.........
....................###..........
.............../....#............
..........................(.....#
...............................##
..............................##


You could see Cucakleh, a green death, a smoke demon and a chaos spawn.

Vanquished Creatures
  the Royal Jelly (Slime:5)
  2 ancient liches
  3 dread liches
  Dispater (Dis:7)
  Mara (Vaults:4)
  4 juggernauts
  Josephina (Depths:2)
  Boris (thrice) (Vaults:5 Depths:1 Depths:3)
  Sojobo (Crypt:1)
  2 shard shrikes (Coc:3)
  The ghost of sirJeffrey23 the Slayer, a veteran FoFi of Okawaru (Elf:3)
  Saint Roka (Vaults:4)
  Margery (Vaults:3)
  Bai Suzhen (Vaults:3)
  Geryon (Hell)
  35 caustic shrikes
  4 golden dragons
  4 bone dragons
  the Enchantress (Depths:2)
  2 doom hounds
  5 iron giants
  A hellephant (Abyss:4)
  7 tentacled monstrosities
  2 walking crystal tomes (Depths:2)
  3 deep elf blademasters
  9 Hell Sentinels
  Jorgrun (Elf:1)
  2 walking earthen tomes
  9 liches
  A quicksilver dragon (Vaults:5)
  2 walking divine tomes
  Grunn (Depths:4)
  A deep elf master archer (Elf:3)
  8 titans
  20 acid blobs
  5 sphinxes
  30 ancient champions
  13 tentacled starspawn
  A thorn hunter (Abyss:5)
  Frances (Swamp:1)
  3 shadow dragons
  4 storm dragons
  3 Executioners
  10 tengu reavers
  Kirke (Lair:4)
  3 fenstrider witches (Swamp:4)
  11 rockslimes
  10 fire giants
  12 frost giants
  9 azure jellies
  A frost giant (shapeshifter) (Vaults:5)
  The ghost of Atuuduag the Warrior, a journeyman OgGl of the Shining One (D:14)
  3 balrugs
  A nagaraja (Snake:3)
  2 narguns
  6 deep elf sorcerers
  2 draconian monks
  18 vault wardens
  8 quicksilver elementals
  A spectral juggernaut (D:14)
  A draconian scorcher (Abyss:3)
  3 shard shrike simulacra
  9 iron dragons
  2 curse skulls (Crypt:1)
  Aizul (Snake:2)
  2 draconian shifters (Crypt:1)
  3 deep elf elementalists (Elf:3)
  Louise (Snake:4)
  6 reapers
  A draconian annihilator (Crypt:1)
  4 spriggan defenders (Depths:2)
  An orc warlord (Orc:2)
  2 demonspawn corrupters (Pan)
  25 ironbound preservers
  40 war gargoyles
  16 stone giants
  29 very ugly things
  7 ironbound thunderhulks
  10 quicksilver oozes
  5 deep elf demonologists
  3 elemental wellsprings (Coc:2)
  4 lorocyprocas
  3 yellow draconians (Depths:4)
  7 eleionomae
  8 vampire knights
  2 purple draconians (Depths:4)
  8 deep elf annihilators
  4 dire elephants
  Azrael (Snake:2)
  A demonspawn black sun (Pan)
  2 wendigos (Coc:2)
  A minotaur (Gauntlet)
  A red draconian (Depths:4)
  4 bunyips
  12 iron golems
  4 spark wasps
  2 blizzard demons (Hell)
  9 deep elf death magi
  A shambling mangrove (Swamp:1)
  3 jiangshi (Crypt:1)
  A merfolk impaler (Depths:4)
  5 deep elf high priests
  A crystal guardian (Vaults:2)
  4 ettins
  A spectral golden dragon (D:14)
  8 green deaths
  An entropy weaver (Vaults:2)
  3 rakshasas
  9 ice dragons
  13 fire dragons
  10 yaktaur captains
  13 great orbs of eyes
  7 salamander tyrants (Snake:4)
  An ogre mage (D:11)
  46 vault guards
  2 caustic shrike simulacra
  25 hydras
  2 peacekeepers
  A spriggan zombie (Abyss:3)
  2 demonspawn (Orc:2)
  2 juggernaut simulacra
  6 spriggan air magi
  16 centaur warriors
  4 ironbound frosthearts
  2 death knights (Vaults:2)
  7 boulder beetles
  A hell beast (Depths:2)
  Erica (D:8)
  8 anacondas
  A ghost crab (Swamp:1)
  The ghost of MrSquiggles the Destroyer, a journeyman OpCj of Vehumet (D:9)
  A spectral frost giant (D:14)
  3 two-headed ogres
  31 dancing weapons
  7 orc high priests
  22 thrashing horrors
  2 satyrs (Abyss:5)
  Urug (Orc:2)
  11 deep troll shamans
  5 vampire magi
  3 hell hogs (Hell)
  10 naga warriors
  11 alligators
  9 deep troll earth magi
  11 tengu warriors
  5 shock serpents
  8 spriggan berserkers
  21 deep elf knights
  11 soul eaters
  5 naga sharpshooters
  28 hell knights
  22 sun demons
  7 crystal echidnas
  4 fire crabs
  9 iron trolls
  3 shadow wraiths
  5 salamander mystics
  8 skeletal warriors (Crypt:1)
  A golden dragon zombie (D:14)
  10 wretched stars
  42 large abominations
  A shadow demon (Pan)
  3 spatial maelstroms
  A goliath frog (shapeshifter) (Depths:1)
  A quicksilver dragon simulacrum (Coc:2)
  Nergalle (D:10)
  5 sixfirhies
  5 spriggan druids
  A goliath frog (Swamp:2)
  93 deep trolls
  9 bog bodies
  9 swamp dragons
  An orb spider (Abyss:5)
  4 flayed ghosts
  9 harpies
  7 naga ritualists
  14 deep elf archers
  A spectral iron dragon (D:14)
  26 deep elf zephyrmancers
  10 lindwurms
  10 phantasmal warriors
  4 glowing orange brains
  8 wizards
  19 ironbound convokers
  2 broodmother zombies (Crypt:1)
  9 necromancers
  15 mana vipers
  10 orc knights
  A wolf spider zombie (D:10)
  11 orc sorcerers
  2 shining eyes (shapeshifter)
  27 ugly things
  6 cyclopes
  A fire giant zombie (D:14)
  A mana viper (shapeshifter) (Depths:3)
  A sphinx skeleton (Vaults:4)
  27 deep elf pyromancers
  A human zombie (Vaults:2)
  22 salamanders
  4 manticores
  A frost giant zombie (Vaults:2)
  4 shining eyes
  A stone giant skeleton (Vaults:4)
  3 elephants (Lair:4)
  2 moths of wrath
  A frost giant skeleton (Crypt:1)
  5 will-o-the-wisps
  9 worldbinders
  Maurice (D:9)
  An ice statue (IceCv)
  8 guardian serpents
  A centaur zombie (D:10)
  7 molten gargoyles
  36 black mambas
  15 vault sentinels
  2 water nymphs (Abyss:5)
  A fire giant skeleton (Crypt:1)
  5 eyes of devastation
  7 rust devils
  28 smoke demons
  3 orange demons
  17 cane toads
  7 gargoyles
  8 naga magi
  2 torpor snails (shapeshifter) (Vaults:5)
  4 apocalypse crabs
  An eye of devastation (shapeshifter) (Vaults:5)
  A rime drake (Lair:3)
  7 torpor snails
  8 freezing wraiths
  5 hellions
  An unseen horror (D:11)
  5 ice devils
  14 komodo dragons
  2 bunyip simulacra
  2 titan simulacra
  A spark wasp simulacrum (Depths:2)
  6 efreet
  48 yaktaurs
  5 hellwings
  4 demonic crawlers
  3 tengu conjurers
  18 ancient zymes
  3 kobold demonologists
  A komodo dragon (shapeshifter) (Vaults:3)
  3 red devils
  11 tormentors
  2 anaconda simulacra (IceCv)
  18 trolls
  A polar bear (shapeshifter) (Abyss:3)
  A meliai (shapeshifter) (D:15)
  A troll (shapeshifter) (Abyss:1)
  2 silent spectres
  A spectral human (D:14)
  2 tengu simulacra
  12 tyrant leeches
  5 polar bears
  3 bloated husks
  A harpy skeleton (Abyss:4)
  11 hornets
  17 raiju
  68 slime creatures
  A dream sheep (shapeshifter) (Elf:1)
  A fire giant simulacrum (Depths:2)
  15 blink frogs
  2 iron dragon simulacra (Coc:2)
  A meliai zombie (D:10)
  Sigmund (D:4)
  A dream sheep (Lair:4)
  A culicivora (shapeshifter) (Depths:3)
  3 flying skulls (Abyss:3)
  An air elemental (Elf:2)
  3 vampires
  5 wraiths
  6 ynoxinuls
  14 water elementals
  A stone giant simulacrum (Coc:1)
  7 spriggans
  A satyr skeleton (Crypt:1)
  A shadow (D:13)
  2 centaur simulacra
  6 dire elephant simulacra
  10 wyverns
  A tyrant leech zombie (Crypt:1)
  2 alligator snapping turtle simulacra
  4 golden eyes (Abyss:1)
  6 basilisks
  5 humans
  5 fire bats
  65 yaks
  A hog (Lair:4)
  7 fire elementals
  27 small abominations
  A hog (shapeshifter) (Vaults:5)
  7 steam dragons
  8 chaos spawn
  17 neqoxecs
  11 vampire mosquitoes
  6 wargs
  A death yak simulacrum (IceCv)
  An elf skeleton (Vaults:2)
  An ogre zombie (Vaults:4)
  4 hydra simulacra
  7 spatial vortices
  A water moccasin (shapeshifter) (D:11)
  13 hell hounds
  13 swamp worms
  An acid dragon (D:9)
  An acid dragon (shapeshifter) (D:14)
  7 harpy simulacra
  33 nagas
  3 floating eyes
  18 water moccasins
  A glowing shapeshifter skeleton (Vaults:4)
  14 swamp drakes
  4 black bears
  86 starcursed masses
  2 ice beasts
  52 orc warriors
  A manticore zombie (Crypt:1)
  15 wolves
  A snapping turtle skeleton (Crypt:1)
  6 ogres
  A hog zombie (Crypt:1)
  10 centaurs
  2 phantoms (D:4)
  A kobold brigand (D:8)
  19 bullfrogs
  6 earth elementals
  A necrophage (D:5)
  A gnoll sergeant (D:11)
  2 scorpions
  A glowing shapeshifter simulacrum (Vaults:2)
  3 two-headed ogre simulacra (IceCv)
  2 cane toad simulacra (IceCv)
  11 wights (D:9)
  A tengu zombie (D:14)
  3 killer bees (D:11)
  4 howler monkeys
  4 electric eels
  6 lava snakes
  5 quasits
  5 iron imps
  3 hounds
  4 jellies
  A gnoll bouda (D:4)
  37 orc priests
  6 iguanas
  20 orc wizards
  A hell rat (Lair:4)
  14 troll simulacra (IceCv)
  A boggart zombie (D:10)
  3 polar bear simulacra (IceCv)
  10 spriggan simulacra
  A wolf simulacrum (IceCv)
  A boggart skeleton (D:10)
  15 gnolls
  6 adders
  5 naga simulacra
  5 shadow imps
  10 white imps
  9 ufetubi
  4 worms
  3 dart slugs
  108 orcs
  4 ball pythons
  4 endoplasms
  3 giant cockroaches
  18 goblins
  5 hobgoblins
  8 jackals
  12 kobolds
  7 quokkas
  5 bats
  A frilled lizard (D:2)
  An orc zombie (Crypt:1)
  9 rats
  A bush (D:11)
  2 lurking horrors
  2 plants (Depths:4)
  3 starspawn tentacles (Abyss:1)
2906 creatures vanquished.

Vanquished Creatures (collateral kills)
  A gnoll sergeant (D:10)
  5 gnolls (D:10)
6 creatures vanquished.

Vanquished Creatures (others)
  A deep elf blademaster (Elf:3)
  A deep elf master archer (Elf:3)
  An ancient champion (Hell)
  A shadow dragon (Vaults:5)
  An azure jelly (Slime:5)
  A deep elf sorcerer (Vaults:5)
  An ironbound preserver (Vaults:2)
  A draconian annihilator (Depths:4)
  A war gargoyle (Vaults:2)
  3 very ugly things
  A stone giant (Depths:2)
  2 iron golems
  A green death (Pan)
  An ettin (Depths:4)
  A fire dragon (Depths:3)
  A vault guard (Vaults:5)
  2 caustic shrike simulacra
  A hydra (Swamp:4)
  A two-headed ogre (D:12)
  An alligator (Swamp:2)
  A deep elf knight (Elf:1)
  A flayed ghost (Abyss:5)
  A skeletal warrior (Crypt:1)
  2 deep trolls
  A wizard (D:14)
  A titan simulacrum (Coc:2)
  A golden dragon simulacrum (Coc:3)
  A slime creature (Slime:5)
  2 large abominations
  A centaur simulacrum (Coc:2)
  A ynoxinul (Abyss:3)
  2 alligator snapping turtle simulacra
  2 harpy simulacra
  A hydra simulacrum (Coc:3)
  An ettin simulacrum (Coc:3)
  A starcursed mass (Abyss:6)
  2 small abominations
  An iguana (Lair:3)
  2 orcs
  A bat (shapeshifter) (Vaults:5)
  24 demonic plants
  12 foxfires
  5 fungi
  84 plants
  16 starspawn tentacles
  4 withered plants (D:10)
195 creatures vanquished.

Grand Total: 3107 creatures vanquished

Notes
Turn   | Place    | Note
-------+----------+-------------------------------------------
     0 | D:1      | purpskrrrp the Troll Fighter began the quest for the Orb.
     0 | D:1      | Reached XP level 1. HP: 22/22 MP: 0/0
   135 | D:1      | Reached XP level 2. HP: 23/29 MP: 1/1
   256 | D:1      | Reached skill level 3 in Unarmed Combat
   723 | D:2      | Reached XP level 3. HP: 36/36 MP: 2/2
  1390 | D:3      | Reached skill level 4 in Unarmed Combat
  1460 | D:3      | Reached XP level 4. HP: 23/44 MP: 3/3
  1537 | D:3      | Reached skill level 5 in Unarmed Combat
  1540 | D:3      | Reached XP level 5. HP: 33/50 MP: 4/4
  1867 | D:3      | Found a hide-covered altar of Uskayaw.
  1898 | D:3      | Found a sacrificial altar of Ru.
  1898 | D:3      | Found a shadowy altar of Dithmenos.
  1909 | D:3      | Became a worshipper of Ru the Awakened
  2074 | D:3      | Reached skill level 6 in Unarmed Combat
  2232 | D:4      | Reached XP level 6. HP: 30/59 MP: 5/5
  2321 | D:4      | Reached skill level 7 in Unarmed Combat
  2330 | D:4      | Noticed Sigmund
  2342 | D:4      | Killed Sigmund
  2343 | D:4      | Reached skill level 8 in Unarmed Combat
  2343 | D:4      | Reached XP level 7. HP: 66/66 MP: 6/6
  2547 | D:4      | Found a basalt altar of Yredelemnul.
  2759 | D:4      | Gained mutation: You cannot study or cast Fire magic. [Ru
                  | sacrifice]
  2759 | D:4      | Gained mutation: You cannot study or cast Transmutations
                  | magic. [Ru sacrifice]
  2759 | D:4      | Gained mutation: You cannot study or cast Necromancy magic.
                  | [Ru sacrifice]
  2759 | D:4      | Reached * piety under Ru
  2764 | D:4      | Found a broken altar of Ashenzari.
  2769 | D:4      | Reached skill level 9 in Unarmed Combat
  2820 | D:4      | Reached XP level 8. HP: 71/74 MP: 7/7
  3061 | D:5      | Entered Level 5 of the Dungeon
  3078 | D:5      | Found a staircase to the Ecumenical Temple.
  3159 | D:5      | Found Gecheov's Weapon Shoppe.
  3344 | D:5      | Found an opulent altar of Gozag.
  3443 | D:5      | Reached skill level 10 in Unarmed Combat
  3840 | D:5      | Identified a scroll of acquirement
  3840 | D:5      | Acquired the amulet of Dumpihas {Acrobat Int+2 Dex-2
                  | Slay+2}
  3854 | D:6      | Found a radiant altar of Vehumet.
  4018 | D:6      | Reached skill level 11 in Unarmed Combat
  4174 | D:6      | Found a stormy altar of Qazlal.
  4474 | D:7      | Found a flagged portal.
  4483 | Bailey   | Entered a bailey
  4518 | Bailey   | Reached XP level 9. HP: 32/80 MP: 8/8
  4561 | Bailey   | Gained mutation: You cannot study or use magical devices.
                  | [Ru sacrifice]
  4561 | Bailey   | Reached ** piety under Ru
  4561 | Bailey   | Reached *** piety under Ru
  4605 | Bailey   | Reached skill level 12 in Unarmed Combat
  4713 | Bailey   | Noticed an orc knight
  4851 | Bailey   | Reached skill level 13 in Unarmed Combat
  5088 | Bailey   | Killed an orc knight
  5249 | D:7      | Reached skill level 14 in Unarmed Combat
  5319 | D:7      | Found a burning altar of Makhleb.
  5356 | D:7      | Noticed a cacodemon
  5360 | D:7      | Noticed an orange demon
  5755 | D:7      | You fall into a shaft and drop 1 floor!
  6111 | D:8      | Reached XP level 10. HP: 82/88 MP: 9/9
  6282 | D:8      | Found a snail-covered altar of Cheibriados.
  6506 | D:8      | Noticed Erica
  6513 | D:8      | Killed Erica
  6514 | D:8      | Reached skill level 15 in Unarmed Combat
  6721 | D:8      | Noticed a moth of wrath
  6725 | D:8      | Found a bloodstained altar of Trog.
  6868 | D:9      | Found a glowing silver altar of Zin.
  6887 | D:9      | Reached skill level 5 in Shields
  7012 | D:9      | Gained mutation: Your casting is slightly disrupted. [Ru
                  | sacrifice]
  7092 | D:9      | Paralysed by a hornet for 2 turns
  7234 | D:9      | Found a transporter.
  7234 | D:9      | Noticed a moth of wrath
  7236 | D:9      | Noticed a tengu warrior
  7237 | D:9      | Noticed MrSquiggles's ghost (journeyman OpCj)
  7239 | D:9      | Found a transporter.
  7245 | D:9      | Found a bloodstained altar of Trog.
  7250 | D:9      | Reached XP level 11. HP: 94/94 MP: 10/10
  7541 | D:9      | Found a staircase to the Orcish Mines.
  7834 | D:9      | Noticed Maurice
  7848 | D:9      | Killed Maurice
  7849 | D:9      | Reached skill level 16 in Unarmed Combat
  8297 | D:10     | Entered Level 10 of the Dungeon
  8632 | D:10     | Found a sparkling altar of Nemelex Xobeh.
  8661 | D:10     | Noticed Nergalle
  8675 | D:10     | Killed Nergalle
  8781 | D:10     | Found a staircase to the Lair.
  8818 | D:10     | Reached skill level 1 in Armour
  8831 | D:10     | Reached skill level 17 in Unarmed Combat
  8846 | D:10     | Gained mutation: You have hidden genetic defects. [potion
                  | of mutation]
  8847 | D:10     | Lost mutation: You have hidden genetic defects. [potion of
                  | mutation]
  8847 | D:10     | Gained mutation: Your flesh is heat resistant. (rF+)
                  | [potion of mutation]
  8847 | D:10     | Gained mutation: You occasionally lose the ability to drink
                  | potions when taking damage. [potion of mutation]
  8848 | D:10     | Lost mutation: You occasionally lose the ability to drink
                  | potions when taking damage. [potion of mutation]
  8848 | D:10     | Lost mutation: Your flesh is heat resistant. (rF+) [potion
                  | of mutation]
  8848 | D:10     | Gained mutation: You are clumsy. (Dex -2) [potion of
                  | mutation]
  8848 | D:10     | Gained mutation: You occasionally lose the ability to read
                  | scrolls when taking damage. [potion of mutation]
  8848 | D:10     | Gained mutation: You are very clumsy. (Dex -4) [potion of
                  | mutation]
  8848 | D:10     | Gained mutation: You have sharp toenails. [potion of
                  | mutation]
  9208 | D:11     | Noticed a green ugly thing
  9225 | D:11     | Killed a green ugly thing
  9264 | D:11     | Noticed a purple ugly thing
  9264 | D:11     | Noticed an ogre mage
  9265 | D:11     | Noticed a boulder beetle
  9268 | D:11     | Killed a purple ugly thing
  9268 | D:11     | Noticed a tengu warrior
  9269 | D:11     | Paralysed by an ogre mage for 3 turns
  9424 | D:11     | Killed a boulder beetle
  9425 | D:11     | Reached XP level 12. HP: 88/104 MP: 11/11
  9426 | D:11     | Killed a tengu warrior
  9458 | D:11     | Paralysed by an ogre mage for 2 turns
  9464 | D:11     | Killed an ogre mage
  9495 | D:11     | Gained mutation: Your magical capacity is low. (-10% MP)
                  | [Ru sacrifice]
  9495 | D:11     | Reached **** piety under Ru
  9531 | D:11     | Lost mutation: You occasionally lose the ability to read
                  | scrolls when taking damage. [potion of mutation]
  9531 | D:11     | Lost mutation: You are very clumsy. (Dex -4) [potion of
                  | mutation]
  9531 | D:11     | Lost mutation: You are clumsy. (Dex -2) [potion of
                  | mutation]
  9531 | D:11     | Gained mutation: You sometimes lose your temper in combat.
                  | [potion of mutation]
  9531 | D:11     | Gained mutation: You are agile. (Dex +4, Str/Int -1)
                  | [potion of mutation]
  9531 | D:11     | Gained mutation: You are vulnerable to cold. (rC-) [potion
                  | of mutation]
  9531 | D:11     | Gained mutation: You are partially covered in iridescent
                  | scales. (AC +2) [potion of mutation]
  9902 | D:11     | Noticed a centaur warrior
  9902 | D:11     | Noticed a tengu warrior
  9916 | D:11     | Killed a centaur warrior
  9919 | D:11     | Reached skill level 18 in Unarmed Combat
  9923 | D:11     | Killed a tengu warrior
  9935 | D:11     | Noticed a two-headed ogre
  9938 | D:11     | Killed a two-headed ogre
  9943 | D:11     | Got Heaf's Guide on the Windy Ground
  9944 | D:11     | Identified the +9 bardiche "Dureg" {drain, Int+4 Dex+4}
  9945 | D:11     | Identified the +6 dagger of Accidental Termination {flame,
                  | Fly Str+7}
  9947 | D:11     | Identified the +10 shortbow of Deamoucof {vorpal, Dex+6}
  9948 | D:11     | Noticed a centaur warrior
  9952 | D:11     | Killed a centaur warrior
 10660 | D:12     | Noticed a boulder beetle
 10674 | D:12     | Killed a boulder beetle
 10675 | D:12     | Reached skill level 1 in Throwing
 10886 | D:12     | Noticed a two-headed ogre
 10889 | D:12     | Killed a two-headed ogre
 10894 | D:12     | Reached skill level 5 in Armour
 10906 | D:12     | Noticed a boulder beetle
 10913 | D:12     | Killed a boulder beetle
 10915 | D:12     | Noticed a two-headed ogre
 10916 | D:12     | Reached XP level 13. HP: 100/110 MP: 10/10
 11262 | D:12     | Acquired a manual of Shields
 11453 | D:13     | Reached skill level 19 in Unarmed Combat
 12129 | D:13     | Found a gate to the Vaults.
 12210 | D:13     | Identified the +8 flail "Arish" {speed, Dex+4}
 12354 | D:14     | Reached skill level 10 in Shields
 12903 | D:14     | Noticed a fire dragon
 12909 | D:14     | Killed a fire dragon
 13130 | D:14     | Found a runed translucent gate.
 13130 | D:14     | Found a runed translucent gate.
 13130 | D:14     | Found a runed translucent gate.
 13141 | D:14     | Noticed Atuuduag's ghost (journeyman OgGl)
 13392 | D:15     | Entered Level 15 of the Dungeon
 13929 | D:15     | Reached skill level 5 in Throwing
 13929 | D:15     | Reached XP level 14. HP: 123/124 MP: 11/11
 13939 | D:15     | Noticed a stone giant
 13945 | D:15     | Killed a stone giant
 13977 | D:15     | Found a staircase to the Depths.
 14241 | D:15     | Gained mutation: You are frail. (-10% HP) [Ru sacrifice]
 14241 | D:15     | Reached ***** piety under Ru
 14884 | Lair:1   | Entered Level 1 of the Lair of Beasts
 14932 | Lair:1   | Reached skill level 5 in Fighting
 15701 | Lair:2   | Found a gate leading to a gauntlet.
 15707 | Gauntlet | Entered a Gauntlet
 15707 | Gauntlet | Found a transporter.
 15707 | Gauntlet | Found a transporter.
 15708 | Gauntlet | Found a transporter.
 15708 | Gauntlet | Found a transporter.
 15711 | Gauntlet | Found a transporter.
 15721 | Gauntlet | Found a transporter.
 15722 | Gauntlet | Found the +8 longbow "Zephyr" {speed, Dex+3 SInv}
 15724 | Gauntlet | Noticed a cacodemon
 15736 | Gauntlet | Found a transporter.
 15743 | Gauntlet | Found a transporter.
 15762 | Gauntlet | Found a transporter.
 15770 | Gauntlet | Found a transporter.
 15788 | Gauntlet | Found a transporter.
 15839 | Gauntlet | Found a transporter.
 16381 | Lair:2   | Identified the +0 leather armour "Saskot" {Drain rPois
                  | Dex+4}
 16403 | Lair:2   | Found a staircase to the Snake Pit.
 16619 | Lair:2   | Gained mutation: You are hated by all. [Ru sacrifice]
 18122 | Lair:3   | Found a staircase to the Swamp.
 18126 | Lair:3   | Identified the +2 trident of the Original Sin {vorpal,
                  | +Blink rPois rC+ Will+}
 18352 | Lair:4   | Gained mutation: Your casting is disrupted. [Ru sacrifice]
 18352 | Lair:4   | Reached ****** piety under Ru
 18546 | Lair:4   | Noticed Kirke
 18558 | Lair:4   | Killed Kirke
 18652 | Lair:4   | You fall into a shaft and drop 1 floor!
 18652 | Lair:5   | Entered Level 5 of the Lair of Beasts
 18662 | Lair:5   | Reached XP level 15. HP: 123/123 MP: 12/12
 18974 | Lair:4   | Reached skill level 20 in Unarmed Combat
 19754 | Lair:5   | Found a staircase to the Slime Pits.
 20042 | Lair:5   | Identified the +5 whip of Royalism {vorpal, *Corrode Str+3}
 20244 | Lair:5   | Found a large runed translucent door.
 20245 | Lair:5   | Found a large runed translucent door.
 21125 | Orc:1    | Entered Level 1 of the Orcish Mines
 21326 | Orc:1    | Found a dark tunnel.
 21335 | Volcano  | Entered a volcano
 22183 | Orc:2    | Entered Level 2 of the Orcish Mines
 22222 | Orc:2    | Found a frozen archway.
 22295 | IceCv    | Entered an ice cave
 23290 | Orc:2    | Paralysed by an orc sorcerer for 3 turns
 23492 | Orc:2    | Noticed Urug
 23500 | Orc:2    | Killed Urug
 23538 | Orc:2    | Reached XP level 16. HP: 132/135 MP: 13/13
 23548 | Orc:2    | Found Urghow's Magic Scroll Emporium.
 23550 | Orc:2    | Found Numpo's Magic Scroll Shoppe.
 23628 | Orc:2    | Bought a scroll of enchant weapon for 90 gold pieces
 23630 | Orc:2    | Bought a scroll of enchant armour for 105 gold pieces
 23630 | Orc:2    | Bought a scroll of enchant armour for 105 gold pieces
 23630 | Orc:2    | Bought a scroll of blinking for 105 gold pieces
 23723 | Orc:2    | Found a staircase to the Elven Halls.
 23939 | Orc:2    | Found Acigoaro's Antique Weapon Boutique.
 23939 | Orc:2    | Found Intaofug's Book Shop.
 23940 | Orc:2    | Found a one-way gate leading to the halls of Pandemonium.
 24171 | Swamp:1  | Entered Level 1 of the Swamp
 24226 | Swamp:1  | You fall into a shaft and drop 1 floor!
 24903 | Swamp:1  | Reached skill level 15 in Shields
 25095 | Swamp:1  | Noticed Frances
 25105 | Swamp:1  | Killed Frances
 25347 | Swamp:1  | Acquired a manual of Dodging
 25827 | Swamp:3  | Found a hide-covered altar of Uskayaw.
 26264 | Swamp:3  | Reached skill level 5 in Dodging
 26551 | Swamp:4  | Entered Level 4 of the Swamp
 26656 | Swamp:3  | Acquired a manual of Fighting
 26783 | Swamp:4  | Reached skill level 21 in Unarmed Combat
 26791 | Swamp:4  | Reached XP level 17. HP: 91/134 MP: 6/14
 26965 | Swamp:4  | Reached skill level 10 in Throwing
 26997 | Swamp:4  | Reached skill level 10 in Fighting
 27688 | Snake:1  | Entered Level 1 of the Snake Pit
 28453 | Snake:2  | Noticed Azrael
 28920 | Snake:2  | Noticed Aizul
 28936 | Snake:2  | Killed Aizul
 29036 | Snake:2  | Found Qahagol's Weapon Boutique.
 29075 | Snake:2  | Killed Azrael
 29632 | Snake:3  | Identified the +0 robe of Noughts and Crosses {Harm rC++}
 30569 | Snake:4  | Entered Level 4 of the Snake Pit
 30643 | Snake:4  | Found Rabeovap's Self-Improvement Boutique.
 30649 | Snake:4  | Noticed Louise
 30657 | Snake:4  | Killed Louise
 30658 | Snake:4  | Reached XP level 18. HP: 159/163 MP: 15/15
 30663 | Snake:4  | Bought a manual of Shields for 1280 gold pieces
 30929 | Snake:4  | Reached skill level 10 in Dodging
 31953 | Snake:4  | Got a serpentine rune of Zot
 32273 | Elf:1    | Entered Level 1 of the Elven Halls
 32568 | Elf:1    | Noticed Jorgrun
 32577 | Elf:1    | Killed Jorgrun
 33520 | Elf:2    | Found a runed translucent gate.
 33520 | Elf:2    | Found a runed translucent gate.
 33520 | Elf:2    | Found a runed translucent gate.
 34269 | Elf:3    | Entered Level 3 of the Elven Halls
 34289 | Elf:3    | Reached XP level 19. HP: 149/176 MP: 16/16
 34815 | Elf:3    | Found a runed translucent gate.
 34815 | Elf:3    | Found a runed translucent gate.
 34815 | Elf:3    | Found a runed translucent gate.
 34815 | Elf:3    | Noticed sirJeffrey23's ghost (veteran FoFi)
 35791 | Elf:3    | Got the Book of Vapour and Variation
 35891 | Elf:3    | Killed sirJeffrey23's ghost
 35907 | Elf:3    | Gained mutation: Your magical capacity is very low. (-20%
                  | MP) [a shining eye]
 35909 | Elf:3    | Lost mutation: You are partially covered in iridescent
                  | scales. (AC +2) [a shining eye]
 35959 | Elf:3    | Got Weemyssa's Compendium of Variable Toxicity
 36394 | Elf:2    | Reached skill level 22 in Unarmed Combat
 36714 | Vaults:1 | Entered Level 1 of the Vaults
 36907 | Vaults:1 | Reached skill level 15 in Fighting
 37684 | Vaults:1 | Reached XP level 20. HP: 168/189 MP: 15/15
 38807 | Vaults:2 | Found Arolerieh's Assorted Antiques.
 39418 | Vaults:2 | Found a staircase to the Crypt.
 39525 | Vaults:3 | Found a flickering gateway to a bazaar.
 39533 | Bazaar   | Entered a bazaar
 39533 | Bazaar   | Found Talenaoff's Antique Weapon Shoppe.
 39543 | Bazaar   | Found Gysoask's Antique Armour Shop.
 39552 | Bazaar   | Found Vamu's Jewellery Emporium.
 39553 | Bazaar   | Found Muorotifu's Weapon Emporium.
 39569 | Bazaar   | Found Teogrado's Weapon Shoppe.
 39652 | Bazaar   | Bought the ring of Twilight {*Corrode Fly Will+ Dex+4
                  | Slay+6} for 683 gold pieces
 39738 | Vaults:3 | Noticed Margery
 39745 | Vaults:3 | Killed Margery
 40095 | Vaults:3 | Reached XP level 21. HP: 198/198 MP: 15/15
 40271 | Vaults:3 | Found Nakhiw's Magic Scroll Shoppe.
 40279 | Vaults:3 | Bought a scroll of magic mapping for 120 gold pieces
 40279 | Vaults:3 | Bought a scroll of magic mapping for 120 gold pieces
 40856 | Vaults:3 | Found Gaopriuc's Assorted Antiques.
 40870 | Vaults:3 | Noticed Bai Suzhen
 40878 | Vaults:3 | Killed Bai Suzhen
 41213 | Vaults:4 | Reached skill level 23 in Unarmed Combat
 41548 | Vaults:4 | Noticed Saint Roka
 41551 | Vaults:4 | Noticed Mara
 41551 | Vaults:4 | Noticed Mara
 41551 | Vaults:4 | Noticed Mara
 41559 | Vaults:4 | Noticed purpskrrrp's illusion
 41561 | Vaults:4 | Killed Saint Roka
 41572 | Vaults:4 | Killed Mara
 42352 | Vaults:5 | Entered Level 5 of the Vaults
 42358 | Vaults:5 | Reached XP level 22. HP: 184/204 MP: 7/16
 42377 | Vaults:5 | Noticed a golden dragon
 42385 | Vaults:5 | Paralysed by a sphinx for 2 turns
 42390 | Vaults:4 | Paralysed by a sphinx for 2 turns
 42615 | Vaults:5 | Killed a golden dragon
 42616 | Vaults:5 | Reached skill level 15 in Dodging
 42778 | Vaults:5 | Reached skill level 24 in Unarmed Combat
 42806 | Vaults:5 | Identified the +10 broad axe of Impish Prudence {vorpal,
                  | rF++ rC++ Will-}
 42824 | Vaults:5 | Noticed Boris
 42928 | Vaults:5 | Identified the ring of the Several Persimmons {rPois Will+
                  | Dex+3}
 42967 | Vaults:5 | Identified the +7 great sword of Uncertain Death {drain,
                  | rPois rC+++ Int-2 Dex-2}
 42987 | Vaults:5 | Got a silver rune of Zot
 43001 | Vaults:5 | Got the Discourse on Transformation and the Tempest
 43266 | Vaults:5 | Killed Boris
 43492 | Vaults:5 | Identified the +7 glaive "Ulite" {drain, rN++ Dex-5}
 43511 | Vaults:5 | Identified the ring "Popnoy" {Will+ AC+4 Int+8 Dex-2
                  | Slay-4}
 43654 | Vaults:5 | Found Wahuw's Distillery.
 43661 | Vaults:5 | Bought a potion of might for 68 gold pieces
 43661 | Vaults:5 | Bought a potion of might for 68 gold pieces
 43661 | Vaults:5 | Bought a potion of heal wounds for 85 gold pieces
 44539 | D:9      | Killed MrSquiggles's ghost
 44809 | D:14     | Killed Atuuduag's ghost
 44919 | Depths:1 | Entered Level 1 of the Depths
 44926 | Depths:1 | Found a one-way gateway to a ziggurat.
 44928 | Depths:1 | Noticed Boris
 44943 | Depths:1 | Killed Boris
 45109 | Depths:1 | Found Rubieq's Antique Weapon Emporium.
 45169 | Depths:1 | Found a portal to a secret trove of treasure.
 45370 | Depths:1 | Noticed a caustic shrike
 45377 | Depths:1 | Killed a caustic shrike
 45378 | Depths:1 | Noticed a juggernaut
 45382 | Depths:1 | Reached XP level 23. HP: 206/218 MP: 17/17
 45385 | Depths:1 | Killed a juggernaut
 45407 | Depths:1 | Found the +5 glaive of the Guard {elec, spectral, AC+5}
 45539 | Depths:1 | Acquired a manual of Maces & Flails
 45699 | Depths:1 | Found a gateway to Hell.
 46059 | Depths:2 | Noticed the Enchantress
 46059 | Depths:2 | Found a shadowy altar of Dithmenos.
 46085 | Depths:2 | Killed the Enchantress
 46165 | Depths:2 | You are sucked into a shaft and drop 2 floors!
 46165 | Depths:4 | Entered Level 4 of the Depths
 46564 | Depths:3 | Noticed Boris
 46568 | Depths:3 | Reached skill level 25 in Unarmed Combat
 46570 | Depths:3 | Killed Boris
 47087 | Depths:3 | Found a snail-covered altar of Cheibriados.
 47340 | Depths:3 | Reached skill level 15 in Throwing
 47462 | Depths:3 | Found a one-way gate to the infinite horrors of the Abyss.
 47585 | Depths:3 | Found Zoon's Book Emporium.
 47586 | Depths:3 | Found Odoeb's Jewellery Boutique.
 47588 | Depths:3 | Found Poufiong's Book Emporium.
 47900 | Depths:2 | Identified the ring "Osaemoz" {Ice rElec rCorr Int-5 Dex+8}
 47900 | Depths:2 | Noticed Josephina
 47905 | Depths:2 | Reached skill level 10 in Armour
 47995 | Depths:4 | Noticed Grunn
 48265 | Depths:2 | Killed Josephina
 48266 | Depths:2 | Reached XP level 24. HP: 225/225 MP: 17/17
 48326 | Depths:2 | Identified the +0 pair of boots of Vomoq {Harm rPois
                  | Will++}
 49632 | Depths:4 | Killed Grunn
 49833 | Depths:4 | Reached skill level 26 in Unarmed Combat
 50015 | Depths:4 | Found a gate to the Realm of Zot.
 50803 | Slime:1  | Entered Level 1 of the Pits of Slime
 51716 | Slime:5  | Entered Level 5 of the Pits of Slime
 51732 | Slime:5  | Gained mutation: You are occasionally teleported next to
                  | monsters. [a shining eye]
 51733 | Slime:5  | Gained mutation: You are somewhat resistant to further
                  | mutation. [a shining eye]
 51736 | Slime:5  | Noticed the Royal Jelly
 51765 | Slime:5  | Killed the Royal Jelly
 51941 | Slime:5  | Found the +8 frozen axe "Frostbite" {freezing cloud, *Noise
                  | Fly rC+}
 51987 | Slime:5  | Got a slimy rune of Zot
 52036 | Slime:5  | Identified the +2 hand axe "Nafodghaisi" {spect, Fly rC-
                  | Int-4 Stlth+}
 52044 | Slime:5  | Identified the +6 chain mail of Dohitz {*Slow rN+++ Str+2
                  | Dex-4}
 52045 | Slime:5  | Identified the +2 rapier of Mioc {vorpal, *Rage rPois MP+9}
 52061 | Slime:5  | Identified the +7 scimitar of the Kissing Gods {antimagic,
                  | Dex+4}
 52069 | Slime:5  | Got the Catalogue of the Coarse Traveller
 52417 | Slime:5  | Acquired 548 gold pieces
 52796 | Crypt:1  | Entered Level 1 of the Crypt
 52816 | Crypt:1  | Paralysed by something for 4 turns
 52874 | Crypt:1  | Noticed Sojobo
 52985 | Crypt:1  | Reached XP level 25. HP: 179/202 MP: 17/17
 52991 | Crypt:1  | Paralysed by an air elemental for 1 turns
 52993 | Crypt:1  | Killed Sojobo
 53000 | Crypt:1  | Reached XP level 26. HP: 196/212 MP: 17/17
 53067 | Crypt:1  | Identified the +2 leather armour of Beogh's Inspiration
                  | {Str+2}
 53567 | Crypt:1  | Found a runed door.
 53572 | Crypt:1  | Noticed an ancient lich
 53572 | Crypt:1  | Noticed a dread lich
 53576 | Crypt:1  | Killed a dread lich
 53583 | Crypt:1  | Killed an ancient lich
 53630 | Crypt:1  | Identified the ring "Koplib" {Fire rElec Int+4 Dex+2}
 53652 | Crypt:1  | Reached XP level 27. HP: 253/253 MP: 17/17
 53655 | Crypt:1  | Acquired 954 gold pieces
 54645 | Swamp:4  | Got a decaying rune of Zot
 55005 | Hell     | Entered the Vestibule of Hell
 55005 | Hell     | Noticed Geryon
 55016 | Hell     | Killed Geryon
 55260 | Hell     | Found a gateway to the Iron City of Dis.
 55462 | Hell     | Found a gateway to the freezing wastes of Cocytus.
 55512 | Hell     | Found a gateway to the ashen valley of Gehenna.
 55589 | Hell     | Reached skill level 27 in Unarmed Combat
 55686 | Hell     | Found a gateway to the decaying netherworld of Tartarus.
 55945 | Coc:1    | Entered Level 1 of Cocytus
 55994 | Coc:1    | Noticed a dread lich
 55997 | Coc:1    | Killed a dread lich
 56180 | Coc:2    | Paralysed by a wendigo for 1 turns
 56856 | Dis:1    | Entered Level 1 of the Iron City of Dis
 57604 | Dis:3    | Noticed a dread lich
 57615 | Dis:3    | Killed a dread lich
 57619 | Dis:3    | You are sucked into a shaft and drop 3 floors!
 57753 | Dis:7    | Entered Level 7 of the Iron City of Dis
 58007 | Dis:7    | Noticed a juggernaut
 58022 | Dis:7    | Killed a juggernaut
 58115 | Dis:7    | Noticed a juggernaut
 58126 | Dis:7    | Killed a juggernaut
 58224 | Dis:7    | Noticed a juggernaut
 58237 | Dis:7    | Killed a juggernaut
 59505 | Dis:7    | Identified the ring of Haxta {rElec rN+ Str-3 Dex+8 Stlth+}
 59666 | Dis:7    | Identified the +4 mace of the Parsimonious God {antimagic,
                  | rF++ Int+3 Dex-4 Stlth+}
 59743 | Dis:7    | Found the +4 staff of Dispater
 59743 | Dis:7    | Noticed Dispater
 59760 | Dis:7    | Killed Dispater
 59822 | Dis:7    | Got an iron rune of Zot
 59826 | Dis:7    | Identified the +3 leather armour "Lobarete" {rPois rF+
                  | Str+2 Int+2}
 60354 | Depths:3 | Voluntarily entered the Abyss.
 60688 | Abyss:1  | Noticed an ancient lich
 60704 | Abyss:1  | Killed an ancient lich
 61482 | Abyss:3  | Found a corrupted altar of Lugonu.
 61926 | Abyss:3  | Paralysed by accursed screaming for 2 turns
 61932 | Abyss:3  | Paralysed by accursed screaming for 2 turns
 61993 | Abyss:4  | Found a corrupted altar of Lugonu.
 62436 | Abyss:4  | Found a radiant altar of Vehumet.
 62744 | Abyss:5  | Got an abyssal rune of Zot
 62786 | Abyss:6  | Found a corrupted altar of Lugonu.
 62887 | Abyss:6  | Paralysed by accursed screaming for 1 turns
 62934 | Depths:3 | Escaped the Abyss
 63186 | Depths:3 | Voluntarily entered the Abyss.
 63261 | Depths:3 | Escaped the Abyss
 63576 | Depths:1 | You showed the abyssal rune of Zot to enter a treasure
                  | trove
 63577 | Trove    | Entered a treasure trove
 63624 | Trove    | Got the Vellum of Firn
 63827 | Pan      | Entered Pandemonium
 64227 | Pan      | Found a huge runed translucent gate.
 64231 | Pan      | Found a huge runed translucent gate.
 64232 | Pan      | Found a huge runed translucent gate.
 64233 | Pan      | Found a huge runed translucent gate.
 64233 | Pan      | Found a huge runed translucent gate.
 64496 | Pan      | Reached skill level 15 in Armour
 64675 | Pan      | Found a huge runed translucent gate.
 64676 | Pan      | Found a huge runed translucent gate.
 64708 | Pan      | Noticed Cucakleh the pandemonium lord
 64715 | Pan      | HP: 7/216 [smoke demon/divine providence (8)]
 64717 | Pan      | Killed from afar by a smoke demon

Illustrated notes

Levels and vault maps discovered:
D:1:      dpeg_arrival_pond, layout_basic, st_stairs_4, minmay_misc_feat_cross
D:2:      layout_loops_cross
D:3:      kennysheep_the_goblin_king, layout_loops_ring,
          mainiacjoe_overflow_alcove_2, gammafunk_temple_overflow_pools,
          grunt_decor_fettered, kennysheep_donut, minmay_tree_intersection
D:4:      layout_loops_cross, mainiacjoe_overflow_24_doors, marbit_many_paths,
          hangedman_decor_points, uniq_sigmund
D:5:      layout_gridville, grunt_gozag_breadcrumbs,
          minmay_temple_entry_slanted, serial_shops, shop, grunt_decor_clamped
D:6:      layout_rooms, vehumet_altar_wand_db, mainiacjoe_overflow_brackets,
          minmay_liquid_box, kennysheep_generic_room_4
D:7:      layout_loops_corners, makhleb_altar_promises_db, enter_bailey_3,
          dk_noncrumbling_4
D:8:      layout_loops_cross, mainiacjoe_overflow_alcove_1, tgw_trog, uniq_erica
D:9:      layout_layer_cave, mainiacjoe_overflow_surrounded_room, orc_0_dummy,
          gammafunk_ghost_wrathful_warriors, chequers_serial_rivers_small_a,
          st_stairs_1, minmay_quadrilaterals, uniq_maurice
D:10:     cheibrodos_grave_circle, layout_loops_cross,
          nemelex_spade_bored_becter, lair_entry_dummy, uniq_nergalle
D:11:     minmay_the_grid_octo_2x2 [minmay_the_grid_octo_pinwheel,
          minmay_the_grid_octo_teeth, minmay_the_grid_octo_thin_diamonds,
          minmay_the_grid_octo_prize_star], layout_loops_corners,
          kb_lookout_dungeons_type
D:12:     layout_roguey, minmay_alternating_orb
D:13:     layout_loops_ring, grunt_vaults_entry_fortified
D:14:     layout_loops_corners, gammafunk_ghost_necromancy
D:15:     grunt_enter_depths_snipers, layout_stronghold,
          amcnicky_mini_pool_small
Lair:1:   layout_cave_pods, chequers_serial_rivers_small_b,
          dpeg_stationary_puzzle, grunt_megastairs_5, serial_bayou_shore_b
Lair:2:   layout_regular_city, minmay_snake_entry_six_corridors,
          gauntlet_entry_generic, hibernation_bobbens
Lair:3:   layout_cave_pods, palyth_hydra_swamp_entry, grunt_megastairs_2
Lair:4:   nzn_winding_woodlands_large [nzn_winding_woodlands_5x5_cross,
          nzn_winding_woodlands_5x15_river_crossing,
          nzn_winding_woodlands_5x5_default,
          nzn_winding_woodlands_center_diamonds,
          nzn_winding_woodlands_15x15_five_gardens,
          nzn_winding_woodlands_center_lodge, nzn_winding_woodlands_5x5_default,
          nzn_winding_woodlands_5x15_default, nzn_winding_woodlands_5x5_three],
          layout_cave_shapes, chequers_serial_rivers_micro_e,
          grunt_megastairs_3, infiniplex_staircase_pool, uniq_kirke
Lair:5:   cheibrodos_lair_end_hotspot, layout_hall_layers,
          minmay_slime_entry_pillars, nicolae_quartered_pool_impasse
Swamp:1:  nicolae_swamp_wrong_neighborhood, layout_basic_swamp,
          hangedman_swamp_cone, swamp_pool4, uniq_frances
Swamp:2:  layout_basic_swamp, evilmike_swamp_ruin_house_6,
          infiniplex_staircase_pool_2
Swamp:3:  layout_basic_swamp, basic_altar, swamp_pool3
Swamp:4:  swamp_fiery, layout_basic_swamp, grunt_witch_cave
Snake:1:  layout_grid_shapes, lemuel_fruit_tree
Snake:2:  layout_cave_shapes, serial_shops, nicolae_shop_advertising_works
          [nicolae_subvault_shop_adworks], serial_bayou_pond_a,
          grunt_megastairs_1, uniq_aizul, uniq_azrael
Snake:3:  layout_grid_maze
Snake:4:  snake_pit_salamanders_mu, layout_cave_town, st_stairs_14,
          nicolae_shop_self_help, uniq_louise
Slime:1:  layout_caves
Slime:2:  layout_caves, cheibrodos_slime_lost_civilization_7
Slime:3:  layout_caves
Slime:4:  layout_caves
Slime:5
Orc:1:    layout_diamond_mine, nicolae_volcano_entry_batcave
Orc:2:    pf_orc_diabolical, layout_caves,
          portal_ice_cave_entry_animals_and_master, mines1_david, uniq_urug
Elf:1:    layout_loops_corners, minmay_elf_crystal_heptagon, amethyst_killhole,
          uniq_jorgrun
Elf:2:    nicolae_elf_blades_splatter_lattice [nicolae_blade_lattice],
          layout_gridlike
Elf:3:    elf_hall_gauntlet_narrow, layout_rooms, gammafunk_ghost_ooze
Vaults:1: v_alt_pattern_5, ontoclasm_vaults_hangar,
          vaults_standard_mumra_enter_the_diamond,
          ontoclasm_vaults_decontamination, vaults_dpeg_ring,
          vaults_mumra_minichess, layout_vaults_omnigrid
Vaults:2: nicolae_vaults_little_squares_3, blue_anna_dwarven_crypt,
          vaults_room_guarded_vault, nicolae_vaults_what_the_h,
          nicolae_vaults_sealed_display, v_misc_5, v_misc_9, v_pattern_2,
          v_misc_11, vaults_dpeg_encased_lava, ontoclasm_vaults_pinch,
          v_misc_19, vaults_room_fancy_cross, layout_vaults_big_room,
          serial_shops, shop
Vaults:3: nicolae_vaults_theta, nicolae_vaults_stairing_the_circle,
          nicolae_vaults_asterisk, hangedman_vaults_slice,
          ontoclasm_vaults_idyll, ontoclasm_vaults_hangar, dpeg_vaults_waves,
          ontoclasm_vaults_chip, nicolae_vaults_angled_halls,
          vaults_room_stairs_pillars, vaults_room_corners,
          layout_vaults_omnicross, serial_shops, bzr_in_the_mist,
          nicolae_shop_trees, nicolae_shop_competitors_out_of_business,
          uniq_bai_suzhen, uniq_margery
Vaults:4: ontoclasm_vaults_idyll, vaults_dpeg_cross,
          nicolae_vaults_diagonal_hallway_8,
          nicolae_vaults_windows_and_doors_thing, v_misc_11,
          grunt_vaults_diagonal, vaults_room_fancy_cross, v_misc_15, v_rooms_2,
          ontoclasm_vaults_loading_screen, hangedman_vaults_trim,
          nicolae_vaults_gold_heap, layout_vaults_maze_bifur, uniq_mara,
          uniq_saint_roka
Vaults:5: serial_shops, uniq_boris
Crypt:1:  evilmike_wizard_prison, layout_misc_corridors, uniq_sojobo
Depths:1: minmay_guarded_unrand_guard, layout_cave_pools, enter_ziggurat_b,
          grunt_hell_entry_dis_mu, chequers_jeans, enter_trove_1, serial_shops,
          shop, wad_dig_loot
Depths:2: minmay_octo_star, layout_cave_pools, hangedman_tar_grid_catacomb,
          grunt_pan_entry_spiral, grunt_dithmenos_smoke,
          eino_small_chamber_without_monster, minmay_staircase_windowed_large,
          serial_bayou_shore_b, serial_bayou_shore_b, uniq_josephina,
          uniq_enchantress
Depths:3: pf_snail_temple, layout_gridlike, pf_vacation_house_of_asmodeus,
          abyss_entry, nrook_mini_backslash, minmay_shop_grove,
          infiniplex_staircase_zigzag_2
Depths:4: grunt_zot_entry_hairpin, layout_small_grid,
          grunt_pan_entry_in_and_out, serial_bayou, serial_bayou_pond_c,
          serial_bayou_shore_b, serial_bayou_pond_e, serial_bayou_lagoon_a,
          grunt_metal_band, minmay_misc_feat_x, uniq_grunn
Hell
Dis:1:    layout_jigsaw, nicolae_dis_having_a_grate_time
Dis:2:    layout_gridville
Dis:3:    layout_gridville
Dis:6:    layout_gridville
Dis:7:    dis_grunt_layers
Coc:1:    layout_ice_bergs
Coc:2:    layout_ice_bergs
Coc:3:    layout_cocytus_water_paths
Pan:      nicolae_pan_giant_door, layout_grid_shapes, nicolae_pan_strange_glyphs
          [nicolae_pan_strange_glyph_angst, nicolae_pan_strange_glyph_acedia,
          nicolae_pan_strange_glyph_envy], nicolae_pan_cerebovesque_1

Skill      XL: |  1  2  3  4  5  6  7  8  9 10 11 12 13 14 15 16 17 18 19 20 21 22 23 24 25 26 27 |
---------------+----------------------------------------------------------------------------------+-----
Unarmed Combat | 3 4 5 6 8 9 11 14 15 17 18 19 20 21 22 23 24 25 26 27 | 27.0
Shields        | 3 5 7 8 10 12 14 15 16 17 19 20 21 22 24 | 24.9
Armour         | 2 5 6 8 9 10 11 12 15 | 15.0
Throwing       | 2 5 6 8 9 10 11 12 13 14 15 16 18 | 18.7
Fighting       | 4 6 7 9 11 13 15 16 17 18 21 | 21.4
Dodging        | 5 9 12 13 14 15 16 19 | 19.0

Action                   |  1- 3 |  4- 6 |  7- 9 | 10-12 | 13-15 | 16-18 | 19-21 | 22-24 | 25-27 || total
-------------------------+-------+-------+-------+-------+-------+-------+-------+-------+-------++-------
Melee: Unarmed           |    99 |   110 |   211 |   406 |  1019 |   902 |   813 |   754 |  1433 ||  5747
       Kick              |       |       |       |    48 |   337 |   307 |   346 |   319 |   642 ||  1999
       Punch             |       |       |       |       |     1 |       |       |       |       ||     1
Throw: Large rock        |       |       |       |    40 |    77 |   188 |   289 |   491 |   346 ||  1431
Invok: Sacrifice Arcana  |       |       |     1 |       |       |       |       |       |       ||     1
       Sacrifice Artific |       |       |     1 |       |       |       |       |       |       ||     1
       Sacrifice Essence |       |       |       |     2 |     1 |       |       |       |       ||     3
       Power Leap        |       |       |       |       |     7 |     1 |       |     2 |     1 ||    11
       Reject Sacrifices |       |       |       |       |     1 |       |       |       |       ||     1
       Sacrifice Health  |       |       |       |       |     1 |       |       |       |       ||     1
       Sacrifice Love    |       |       |       |       |     1 |       |       |       |       ||     1
       Apocalypse        |       |       |       |       |       |     7 |     6 |     6 |     8 ||    27
  Use: Scroll            |     6 |     2 |     9 |    11 |    27 |    10 |     9 |    21 |    12 ||   107
       Potion            |     1 |       |     3 |     7 |     5 |     2 |     3 |    13 |    16 ||    50
 Stab: Sleeping          |     1 |       |     1 |       |     2 |       |       |       |       ||     4
       Distracted        |       |       |       |     1 |     5 |     6 |     3 |     3 |     7 ||    25
       Invisible         |       |       |       |     1 |     3 |     6 |     3 |     2 |     9 ||    24
       Paralysed         |       |       |       |     1 |     4 |    10 |     5 |     6 |     4 ||    30
Armor: Robe              |    27 |    26 |    56 |       |       |       |       |       |       ||   109
       Steam dragon scal |       |       |     3 |    87 |   154 |       |       |       |       ||   244
       Ice dragon scales |       |       |       |       |    31 |    23 |   144 |   176 |   188 ||   562
       Fire dragon scale |       |       |       |       |    23 |       |       |       |       ||    23
       Swamp dragon scal |       |       |       |       |       |   162 |       |       |       ||   162
Dodge: Dodged            |    28 |    29 |    83 |    98 |   215 |   247 |   187 |   195 |   274 ||  1356
Block: Kite shield       |    33 |    63 |    94 |   175 |   655 |   554 |   434 |   122 |       ||  2130
       Tower shield      |       |       |       |       |       |       |       |   388 |  1126 ||  1514

Table legend: (Time is in decaauts)
 A = Elapsed time spent in this place.
 B = Non-inter-level travel time spent in this place.
 C = Inter-level travel time spent in this place.
 D = Time resting spent in this place.
 E = Time spent auto-exploring this place.
 F = Levels seen in this place.
 G = Mean time per level.
                   A        B        C        D        E       F      G
               +--------+--------+--------+--------+--------+-----+--------+
         Total |  64797 |  57754 |   7043 |   5688 |  35974 |  71 |  912.6 |
       Dungeon |  15699 |  13536 |   2163 |    712 |   9510 |  15 | 1046.6 |
          Lair |   6238 |   5192 |   1046 |    119 |   3935 |   5 | 1247.6 |
         Swamp |   4086 |   3534 |    552 |    748 |   1819 |   4 | 1021.5 |
     Snake Pit |   4540 |   4176 |    364 |    508 |   2696 |   4 | 1135.0 |
    Slime Pits |   1726 |   1631 |     95 |      6 |   1250 |   5 |  345.2 |
  Orcish Mines |   1640 |   1460 |    180 |     74 |    907 |   2 |  820.0 |
   Elven Halls |   4316 |   3940 |    376 |    447 |   2487 |   3 | 1438.7 |
        Vaults |   7687 |   7021 |    666 |    436 |   4807 |   5 | 1537.4 |
         Crypt |   1153 |   1097 |     56 |     24 |    724 |   1 | 1153.0 |
        Depths |   6741 |   5545 |   1196 |    697 |   3371 |   4 | 1685.2 |
          Hell |   1253 |   1127 |    126 |    206 |    598 |   1 | 1253.0 |
           Dis |   2971 |   2802 |    169 |    667 |   1303 |   5 |  594.2 |
       Cocytus |    629 |    581 |     48 |    168 |    297 |   3 |  209.7 |
         Abyss |   2447 |   2447 |      0 |    419 |    821 |   7 |  349.6 |
   Pandemonium |    860 |    860 |      0 |    165 |    467 |   1 |  860.0 |
        Bazaar |    158 |    158 |      0 |      0 |     61 |   1 |  158.0 |
         Trove |    108 |    108 |      0 |      0 |      0 |   1 |  108.0 |
        Bailey |    635 |    635 |      0 |    242 |     60 |   1 |  635.0 |
      Ice Cave |    915 |    915 |      0 |      0 |    565 |   1 |  915.0 |
       Volcano |    322 |    322 |      0 |      0 |    112 |   1 |  322.0 |
      Gauntlet |    663 |    663 |      0 |     49 |    178 |   1 |  663.0 |
               +--------+--------+--------+--------+--------+-----+--------+

Top non-repeatable levels by time:
Depths:3: 2642 daAuts
   Dis:7: 2114 daAuts
Vaults:4: 1837 daAuts
   Elf:2: 1763 daAuts
Vaults:2: 1716 daAuts
     D:9: 1677 daAuts
    D:11: 1586 daAuts
 Snake:4: 1586 daAuts
Depths:1: 1516 daAuts
Vaults:5: 1475 daAuts
    D:15: 1424 daAuts
Vaults:1: 1379 daAuts
  Lair:5: 1355 daAuts
  Lair:2: 1348 daAuts
  Lair:3: 1335 daAuts
